 Dungeon Crawl Stone Soup version 0.11-a0-818-g331a257 (console) character file.

73231 Hammerrobin the Necromancer (level 14, -4/93 HPs)
             Began as a Demonspawn Necromancer on Mar 30, 2012.
             Was the Champion of Kikubaaqudgha.
             Slain by a deep elf soldier
             ... wielding a +1,+2 elven long sword
              (12 damage)
             ... on Level 2 of the Elven Halls.
             The game lasted 01:24:46 (36496 turns).

Hammerrobin the Necromancer (DsNe)                 Turns: 36496, Time: 01:24:46

HP  -4/93        AC  9     Str  9      XL: 14   Next: 79%
MP  28/31        EV 19     Int 21      God: Kikubaaqudgha [******]
Gold 1127        SH  7     Dex 16      Spells: 10 memorised,  1 level left

Res.Fire  : . . .   See Invis. : +   a - +6,+7 orc hammer (pain)
Res.Cold  : . . .   Warding    : . . n - +2 robe of Fun and Games {rN+ SInv}
Life Prot.: + . .   Conserve   : .   G - +0 elf buckler
Res.Acid. : . . .   Res.Corr.  : .   D - +0 helmet (curse)
Res.Poison: .       Clarity    : .   v - +2 cloak
Res.Elec. : .       Spirit.Shd : .   (no gloves)
Sust.Abil.: . .     Stasis     : .   (no boots)
Res.Mut.  : .       Ctrl.Telep.: .   f - amulet of rage
Res.Rott. : .       Levitation : .   j - +2 ring of dexterity
Saprovore : . . .   Ctrl.Flight: .   h - ring of see invisible

@: silence (expires), somewhat resistant to hostile enchantments, extremely
unstealthy
A: hooves 2, demonic guardian 1, spiny 1, AC +1
a: Evoke Berserk Rage


You were on level 2 of the Elven Halls.
You worshipped Kikubaaqudgha.
Kikubaaqudgha was exalted by your worship.
You were not hungry.

You visited 5 branches of the dungeon, and saw 28 of its levels.
You visited 2 portal chambers: ossuary, ice cave.

You collected 2171 gold pieces.
You spent 1064 gold pieces at shops.

Inventory:

Hand weapons
 a - a +6,+7 orcish hammer of pain (weapon)
 k - a +0 blowgun
Missiles
 q - 12 curare-tipped +0 needles
Armour
 n - the +2 robe of Fun and Games (worn) {rN+ SInv}
   (You found it on level 8 of the Dungeon)

   It protects you from negative energy.
   It enhances your eyesight.
 v - a +2 cloak (worn)
 D - a cursed +0 helmet (worn)
 G - a +0 elven buckler (worn)
Magical devices
 l - a wand of digging (5)
 m - a wand of digging (6)
 s - a wand of lightning (0)
 x - a wand of heal wounds (2)
 y - a wand of teleportation (11)
Comestibles
 c - 9 bread rations
 r - 2 chunks of elf flesh
 t - 3 chunks of elf flesh
 z - a royal jelly
Scrolls
 u - a scroll of teleportation
 w - 6 scrolls of remove curse
 A - a scroll of fog
Jewellery
 f - an amulet of rage (around neck)
 h - a ring of see invisible (left hand)
 j - a +2 ring of dexterity (right hand)
Potions
 g - a potion of might
 i - a potion of brilliance
 o - a potion of agility
 B - 2 potions of berserk rage
Books
 C - a book of Air

   Spells                             Type                      Level
   *Shock                             Conjuration/Air              1
   Swiftness                          Charms/Air                   2
   Repel Missiles                     Charms/Air                   2
   Flight                             Charms/Air                   3
   Static Discharge                   Conjuration/Air              3
   Lightning Bolt                     Conjuration/Air              5
 F - a Grand Grimoire {highlevel}

   This book is beyond your current level of understanding.

   Spells                             Type                      Level
   Demonic Horde                      Summoning                    6
   Mass Abjuration                    Summoning                    6
   Haunt                              Necromancy/Summoning         7
   Summon Greater Demon               Summoning                    7
   Malign Gateway                     Summoning/Translocation      7
   Summon Horrible Things             Summoning                    8
Magical staves
 b - a +4 rod of venom (10/10)
   (You found it on level 8 of the Lair of Beasts)
 p - a staff of enchantment
Miscellaneous
 e - a lantern of shadows


   Skills:
 - Level 5.1 Fighting
 - Level 14.0 Maces & Flails
 - Level 10.9 Dodging
 - Level 1.7 Stealth
 + Level 10.3 Spellcasting
 - Level 8.0 Hexes
 - Level 15.1 Necromancy
 - Level 5.1 Air Magic
 - Level 8.0 Evocations


You had one spell level left.
You knew the following spells:

 Your Spells              Type           Power        Failure   Level  Hunger
a - Pain                  Necr           #####        0%          1    None
b - Vampiric Draining     Necr           #######...   1%          3    None
c - Regeneration          Chrm/Necr      ######....   1%          3    None
d - Dispel Undead         Necr           #######..    1%          5    Honeycomb
e - Agony                 Necr           #######..    1%          5    Honeycomb
f - Sublimation of Blood  Necr           #######...   1%          2    None
g - Shock                 Conj/Air       ####.        2%          1    None
h - Silence               Hex/Air        ######....   14%         5    Honeycomb
i - Recall                Summ/Tloc      N/A          24%         3    None
j - Cause Fear            Hex            ######....   2%          4    Strawberry

Dungeon Overview and Level Annotations

Branches:
Dungeon (13/27)            Temple (1/1) D:4             Orc (4/4) D:8
    Elf (2/5) Orc:4          Lair (8/8) D:11         Shoals (0/5) Lair:6
  Slime (0/6) Lair:8        Snake (0/5) Lair:3

Altars:
Ashenzari
Cheibriados
Elyvilon
Fedhas
Kikubaaqudgha
Makhleb
Nemelex Xobeh
Okawaru
Sif Muna
Trog
Vehumet
Xom
Yredelemnul
Zin
the Shining One

Shops:
D:7: * Orc:4: [/+/

Annotations
Lair:5 exclusion: oklob plant Port exclusion: 2 ice statues


Innate Abilities, Weirdness & Mutations

You have hoof-like feet.
You are partially covered in slimy green scales (AC +1).
A weak demonic guardian rushes to your aid.
You are partially covered in sharp spines.


Message History

You feel troubled.
Unknown command.
You hit the deep elf fighter.
The deep elf fighter writhes in agony.
The deep elf fighter is heavily wounded.
The deep elf fighter dodges your spines.
The deep elf fighter hits you with an elven long sword.
* * * LOW HITPOINT WARNING * * *
The deep elf soldier dodges your spines.
The deep elf soldier barely misses you.
You sock the deep elf fighter!
The deep elf fighter writhes in agony.
You kill the deep elf fighter!
Kikubaaqudgha accepts your kill.
The deep elf soldier gestures at you while chanting.
The magic dart hits you!
* * * LOW HITPOINT WARNING * * *
You block the deep elf soldier's attack.
The deep elf soldier dodges your spines.
The deep elf soldier hits you with a glowing elven long sword!
You die...
Kikubaaqudgha rasps: "You have failed me!
Welcome... death!"

#......................
#......................
#......................
#.....................
#..$..................
#..................<..
#.........(..........
#...............≈≈≈≈
#.....e@.......≈≈≈≈
#....(ee.......≈≈≈
#....)(........≈≈
#...............
#.........≈≈e..
#.........≈≈...
#......$.≈≈≈..
#......e≈≈≈≈.
#>......≈≈≈≈


You could see a deep elf conjurer and 4 deep elf soldiers.

Vanquished Creatures
  Erica (D:11)
  Harold (Lair:5)
  6 hydras
  Nessos (D:11)
  19 death yaks
  An orc high priest (Orc:4)
  3 catoblepae (Lair:8)
  2 deep elf knights
  3 hill giants (D:10)
  A giant amoeba (Lair:8)
  The ghost of cptwinky the Magician, an experienced DEWn of Cheibriados (D:8)
  4 orc sorcerers
  Joseph (Orc:4)
  3 griffons
  Maurice (Orc:3)
  11 elephants
  7 black mambas
  A feature mimic (Lair:6)
  2 cyclopes
  The ghost of hypermagistern the Spear-Bearer, an experienced NaDK of Yredelemnul (Lair:1)
  A slime creature (D:12)
  4 spiny frogs
  A rock troll (Lair:4)
  Psyche (D:11)
  3 komodo dragons
  Sonja (D:11)
  A queen bee (Lair:6)
  A two-headed ogre (D:11)
  13 blink frogs
  3 brown oozes (Lair:8)
  2 basilisks
  3 sharks (D:11)
  23 yaks
  A wyvern (D:9)
  8 hippogriffs
  The ghost of jejorda2 the Ruffian, an average TrEE (D:5)
  Grum (D:13)
  2 deep elf conjurers
  2 deep elf summoners
  A hungry ghost (D:10)
  2 deep elf fighters (Elf:2)
  2 fire drakes
  A small abomination (D:10)
  12 war dogs
  A deep elf priest (Elf:1)
  25 ice beasts
  A yellow wasp (D:12)
  2 sky beasts
  A blink frog simulacrum (D:10)
  8 giant goldfish
  16 orc warriors
  18 centaurs
  4 boring beetles (Lair:8)
  5 ogres
  A phantom (D:11)
  15 crocodiles
  A rotting devil (Elf:1)
  2 wargs
  3 centaur zombies (Port)
  12 giant frogs
  2 wolves (D:10)
  8 giant slugs
  A soldier ant zombie (D:12)
  11 water moccasins
  5 agate snails
  6 big kobolds
  A cyclops simulacrum (D:10)
  26 killer bees (Lair:6)
  An eye of draining (D:11)
  14 jellyfish
  2 killer bee zombies
  9 wights
  5 big kobold zombies
  2 quasits
  3 crimson imps
  6 electric eels
  A goliath beetle (D:9)
  14 hounds
  8 iguanas
  13 big fish
  27 orc priests
  2 hound skeletons (D:9)
  6 porcupines
  12 scorpions
  A worker ant zombie (D:8)
  24 sheep
  4 deep elf soldiers (Elf:2)
  38 orc wizards
  8 worker ants
  A hound simulacrum (D:10)
  2 jellies
  3 mummies (Port)
  A lemure (Elf:1)
  A midge (Elf:1)
  19 adders
  2 gnolls (D:9)
  45 green rats
  An adder zombie (D:10)
  7 scorpion zombies
  8 giant centipedes
  An iguana skeleton (D:11)
  2 giant mites
  2 white imps (D:10)
  5 worms
  7 ufetubi
  A giant eyeball (D:9)
  3 gnoll zombies (Port)
  131 orcs
  4 giant cockroaches
  13 goblins
  15 hobgoblins
  27 jackals
  29 kobolds
  9 quokkas
  A ball python (D:1)
  26 bats
  4 giant geckos
  6 giant newts
  2 hobgoblin zombies
  A jackal skeleton (D:5)
  4 orc skeletons
  2 orc zombies (Port)
  A quokka zombie (D:10)
  19 rats
  A fungus (Lair:6)
  A plant (D:11)
  14 toadstools
956 creatures vanquished.

Vanquished Creatures (collateral kills)
  Gastronok (D:11)
  A death yak (Lair:8)
  An elephant (Lair:3)
  A blink frog (Lair:8)
  A shark (D:11)
  3 yaks
  2 hippogriffs (Lair:7)
  An ogre (D:9)
  A giant goldfish (D:10)
  A sky beast (D:8)
  A giant slug (Lair:6)
  A killer bee (Lair:6)
  A yellow wasp simulacrum (D:10)
  A hound (Lair:1)
  A deep elf soldier (Elf:2)
  3 orc wizards
  A gnoll (D:9)
  2 adders
  2 orcs
  2 kobolds
  2 fungi
30 creatures vanquished.

Vanquished Creatures (others)
  A yak (Lair:8)
  An ogre (D:11)
  An electric eel (D:11)
  25 iron imps
  An orc priest (Orc:3)
  2 sheep (Lair:5)
  28 lemures
  21 midges
  16 white imps
  31 ufetubi
  2 orcs (Orc:4)
  An orc zombie (Port)
  A rat (D:1)
  16 fungi (Lair:8)
  13 plants (Lair:8)
  127 toadstools
287 creatures vanquished.

Grand Total: 1273 creatures vanquished

Notes
Turn   | Place    | Note
--------------------------------------------------------------
     0 | D:1      | Hammerrobin, the Demonspawn Necromancer, began the quest for the Orb.
     0 | D:1      | Reached XP level 1. HP: 13/13 MP: 3/3
   398 | D:1      | Gained mutation: You are partially covered in slimy green scales (AC +1). [demonic ancestry]
   398 | D:1      | Reached XP level 2. HP: 17/19 MP: 4/4
   528 | D:1      | Reached skill level 5 in Necromancy
   959 | D:2      | Found a burning altar of Makhleb.
   986 | D:2      | Found a basalt altar of Yredelemnul.
  1248 | D:2      | Reached XP level 3. HP: 15/24 MP: 5/5
  1304 | D:2      | Learned a level 3 spell: Vampiric Draining
  2850 | D:4      | Found a staircase to the Ecumenical Temple.
  2853 | D:4      | Reached skill level 1 in Maces & Flails
  2865 | Temple   | Entered the Ecumenical Temple
  2958 | Temple   | Became a worshipper of Kikubaaqudgha
  3096 | D:4      | Reached XP level 4. HP: 26/30 MP: 2/7
  3362 | D:4      | Reached skill level 6 in Necromancy
  3527 | D:4      | Reached XP level 5. HP: 31/35 MP: 5/8
  3661 | D:5      | Entered Level 5 of the Dungeon
  4019 | D:5      | Found a sparkling altar of Nemelex Xobeh.
  4337 | D:5      | Noticed jejorda2's ghost (average TrEE)
  5030 | D:6      | Acquired Kikubaaqudgha's first power
  5313 | D:6      | Reached skill level 7 in Necromancy
  5313 | D:6      | Reached XP level 6. HP: 35/41 MP: 8/10
  5349 | D:6      | Noticed a big kobold
  5349 | D:6      | Noticed a big kobold
  5349 | D:6      | Noticed a big kobold
  5349 | D:6      | Noticed a big kobold
  5349 | D:6      | Noticed a big kobold
  5370 | D:6      | Killed a big kobold
  5381 | D:6      | Killed a big kobold
  5393 | D:6      | Killed a big kobold
  5400 | D:6      | Killed a big kobold
  5400 | D:6      | Gained mutation: You have large cloven feet. [demonic ancestry]
  5400 | D:6      | Reached XP level 7. HP: 13/46 MP: 3/13
  5426 | D:6      | Found a white marble altar of Elyvilon.
  5433 | D:6      | Killed a big kobold
  5789 | D:6      | Reached skill level 8 in Necromancy
  6600 | D:7      | Found Shofob's Assorted Antiques.
  6734 | D:7      | Acquired Kikubaaqudgha's second power
  6852 | D:7      | Learned a level 3 spell: Regeneration
  6858 | D:7      | Learned a level 5 spell: Dispel Undead
  7028 | D:7      | Gained mutation: You are partially covered in sharp spines. [demonic ancestry]
  7028 | D:7      | Reached XP level 8. HP: 31/52 MP: 11/16
  7391 | D:7      | Found a sand-covered staircase. 7397
                  | ossuary
                  | Entered a tomb 7690
                  | ossuary
                  | Reached skill level 9 in Necromancy
  9496 | D:9      | Reached skill level 10 in Necromancy
  9496 | D:9      | Gained mutation: You have hoof-like feet. [demonic ancestry]
  9496 | D:9      | Gained mutation: A weak demonic guardian rushes to your aid. [demonic ancestry]
  9496 | D:9      | Reached XP level 9. HP: 17/57 MP: 12/19
  9823 | D:9      | Reached skill level 5 in Maces & Flails
 10018 | D:9      | Paralysed by a giant eyeball for 4 turns
 11554 | D:10     | Entered Level 10 of the Dungeon
 11576 | D:10     | Reached skill level 5 in Spellcasting
 11576 | D:10     | Reached skill level 11 in Necromancy
 11646 | D:10     | Learned a level 5 spell: Agony
 11724 | D:10     | Noticed a hound simulacrum
 11726 | D:10     | Killed a hound simulacrum
 11811 | D:10     | Acquired Kikubaaqudgha's third power
 11811 | D:10     | Received a gift from Kikubaaqudgha
 11938 | D:10     | Noticed a blink frog simulacrum
 12232 | D:10     | Noticed a cyclops simulacrum
 12233 | D:10     | Killed a cyclops simulacrum
 12284 | D:10     | Noticed a yellow wasp simulacrum
 12292 | D:10     | Reached XP level 10. HP: 47/63 MP: 16/22
 12296 | D:10     | Killed a yellow wasp simulacrum
 12455 | D:10     | HP: 1/63 [hill giant/giant spiked club (19)]
 12467 | D:10     | Killed a blink frog simulacrum
 12651 | D:10     | Reached skill level 12 in Necromancy
 13075 | D:10     | Reached skill level 5 in Dodging
 13095 | D:10     | Acquired Kikubaaqudgha's fourth power
 13812 | D:11     | Learned a level 2 spell: Sublimation of Blood
 13906 | D:11     | Found a staircase to the Lair.
 13968 | D:11     | Found a shimmering altar of Xom.
 13968 | D:11     | Noticed Gastronok
 14063 | D:11     | Killed Gastronok
 14063 | D:11     | Reached skill level 13 in Necromancy
 14063 | D:11     | Reached XP level 11. HP: 68/68 MP: 9/25
 14486 | D:11     | Noticed Psyche
 14495 | D:11     | Killed Psyche
 14688 | D:11     | Noticed Nessos
 14738 | D:11     | Killed Nessos
 15115 | D:11     | Reached skill level 14 in Necromancy
 15201 | D:11     | Noticed Sonja
 15218 | D:11     | Killed Sonja
 15858 | D:11     | Noticed Erica
 15873 | D:11     | Killed Erica
 16350 | D:12     | Paralysed by a yellow wasp for 1 turns
 16352 | D:12     | Paralysed by a yellow wasp for 1 turns
 16449 | D:12     | WTF
 16628 | D:13     | Noticed Grum
 16656 | D:13     | Killed Grum
 16844 | D:13     | Noticed a vapour
 16985 | D:12     | Reached skill level 10 in Maces & Flails
 17300 | D:8      | Noticed cptwinky's ghost (experienced DEWn)
 17336 | D:8      | Killed cptwinky's ghost
 17487 | D:5      | Killed jejorda2's ghost
 17549 | Temple   | Identified a +4,+5 orcish hammer of pain (a +3,+3 orcish hammer bloodied by Kikubaaqudgha)
 17992 | D:8      | Got a steaming robe
 18001 | D:8      | Identified the +2 robe of Fun and Games (You found it on level 8 of the Dungeon)
 18060 | D:8      | Found a staircase to the Orcish Mines.
 18474 | Lair:1   | Entered Level 1 of the Lair of Beasts
 18562 | Lair:1   | Reached XP level 12. HP: 72/74 MP: 27/27
 18885 | Lair:1   | Got an inconspicuous book
 18886 | Lair:1   | Identified the Incunabulum of the Dropbear (You found it on level 1 of the Lair of Beasts)
 18981 | Lair:1   | Noticed hypermagistern's ghost (experienced NaDK)
 18986 | Lair:1   | Killed hypermagistern's ghost
 19012 | Lair:1   | Learned a level 1 spell: Shock
 21154 | Lair:2   | Got an ivory short sword
 21547 | Lair:3   | Got a twisted mace
 21562 | Lair:3   | Found a frozen archway.
 21620 | IceCv    | Identified the +6 shield of the gong
 21620 | IceCv    | Entered an ice cave
 21856 | Lair:3   | Found a staircase to the Snake Pit.
 22577 | Lair:4   | Reached skill level 1 in Fighting
 23013 | Lair:4   | Learned a level 5 spell: Silence
 23105 | Lair:4   | Reached skill level 15 in Necromancy
 23378 | Lair:4   | You fall through a shaft!
 23546 | Lair:6   | Found a staircase to the Shoals.
 23739 | Lair:6   | Reached skill level 5 in Fighting
 23980 | Lair:6   | Reached XP level 13. HP: 87/87 MP: 26/28
 25462 | Lair:7   | Reached skill level 10 in Dodging
 26348 | Lair:5   | Noticed Harold
 26550 | Lair:5   | Killed Harold
 27100 | D:11     | Learned a level 3 spell: Recall
 27945 | Lair:8   | Entered Level 8 of the Lair of Beasts
 27984 | Lair:8   | Reached skill level 1 in Hexes
 27984 | Lair:8   | Reached skill level 1 in Air Magic
 28915 | Lair:8   | Found a staircase to the Slime Pits.
 29032 | Lair:8   | Reached skill level 5 in Air Magic
 29051 | Lair:8   | Reached skill level 5 in Hexes
 29251 | Lair:8   | Reached XP level 14. HP: 24/93 MP: 29/29
 29757 | Lair:8   | HP: 2/93 [death yak (9)]
 31278 | Lair:8   | Identified a +4 rod of venom (10/10) (You found it on level 8 of the Lair of Beasts)
 31350 | Lair:8   | Learned a level 4 spell: Cause Fear
 32389 | Lair:3   | Reached skill level 5 in Evocations
 32625 | Orc:1    | Entered Level 1 of the Orcish Mines
 32766 | Orc:3    | Noticed Maurice
 32766 | Orc:3    | Noticed a cyclops
 32776 | Orc:3    | Killed Maurice
 32931 | Orc:3    | Killed a cyclops
 33471 | Orc:4    | Entered Level 4 of the Orcish Mines
 33748 | Orc:4    | Found a staircase to the Elven Halls.
 33890 | Orc:4    | Noticed Joseph
 33918 | Orc:4    | Killed Joseph
 33953 | Orc:4    | Noticed an orc high priest
 34377 | Orc:4    | Killed an orc high priest
 35006 | Orc:4    | Found Thott's Magical Wand Shoppe.
 35006 | Orc:4    | Found Shregyp's Magical Wand Emporium.
 35006 | Orc:4    | Found Klolerucu's Book Emporium.
 35015 | Orc:4    | Found Woxait's Armour Shoppe.
 35040 | Orc:4    | Reached skill level 10 in Spellcasting
 35155 | Orc:4    | Bought a wand of heal wounds (2) for 504 gold pieces
 35178 | Orc:4    | Bought a book of Air for 560 gold pieces
 35560 | Elf:1    | Entered Level 1 of the Elven Halls
 36496 | Elf:2    | Slain by a deep elf soldier
